 Dungeon Crawl Stone Soup version 0.25.1-8-g42b30a86e7 (webtiles) character file.

Game seed: 9798841463657678526

77 C3l3ry the Charmwright (level 4, -3/34 HPs)
             Began as a Merfolk Skald on Dec 25, 2020.
             Killed by divine providence
             ... invoked by an orc priest
              (14 damage)
             ... on level 3 of the Dungeon.
             The game lasted 00:08:18 (2805 turns).

C3l3ry the Charmwright (Merfolk Skald)              Turns: 2805, Time: 00:08:19

Health: -3/34      AC:  3    Str: 12    XL:     4   Next: 34%
Magic:  6/7        EV: 13    Int: 12    God:
Gold:   153        SH:  0    Dex: 13    Spells: 5/8 levels left

rFire    . . .     SeeInvis .   a - +0 spear
rCold    . . .     Gourm    .   (no shield)
rNeg     . . .     Faith    .   b - +0 leather armour
rPois    .         Spirit   .   (no helmet)
rElec    .         Reflect  .   (no cloak)
rCorr    .         Harm     .   (no gloves)
MR       .....                  (no boots)
Stlth    +.........             (no amulet)
HPRegen  0.11/turn              (no ring)
MPRegen  0.10/turn              (no ring)

@: lethally poisoned (-3 -> -7), very slightly contaminated
A: change form in water, swift swim, stealthy swim
a: no special abilities


You were on level 3 of the Dungeon.
You were not hungry.

You visited 1 branch of the dungeon, and saw 3 of its levels.

You collected 153 gold pieces.

Inventory:

Hand Weapons
 a - a +0 spear (weapon)
Armour
 b - a +0 leather armour (worn)
 o - a +0 kite shield
Jewellery
 f - a cursed -4 ring of strength {unknown}
Scrolls
 h - a scroll of immolation {unknown}
 i - 3 scrolls of identify {unknown}
 j - 2 scrolls of enchant weapon {unknown}
 k - a scroll of fear {unknown}
 n - 3 scrolls of remove curse {unknown}
 q - a scroll of teleportation {unknown}
Potions
 c - a potion of mutation {unknown}
 e - a potion of haste {unknown}
 g - a potion of magic {unknown}
 l - a potion of lignification {unknown}
 m - 2 potions of might {unknown}
 p - a potion of invisibility {unknown}
Comestibles
 d - 6 rations


   Skills:
 + Level 2.8 Fighting
 + Level 3.7 Polearms
 - Level 0.6 Armour
 + Level 3.5 Dodging
 + Level 0.0 Shields
 + Level 2.5 Spellcasting
 + Level 3.7 Charms
 + Level 0.7 Translocations


You had 5 spell levels left.
You knew the following spells:

 Your Spells              Type           Power        Failure   Level  Hunger
a - Infusion              Chrm           ##..         7%          1    #......
b - Shroud of Golubria    Chrm/Tloc      #.....       21%         2    ###....

Your spell library contained the following spells:

 Spells                   Type           Power        Failure   Level  Hunger
 Song of Slaying          Chrm           ##......     11%         2    ###....
 Ozocubu's Armour         Chrm/Ice       #.......     41%         3    ###....
 Spectral Weapon          Hex/Chrm       #.......     41%         3    ###....


Dungeon Overview and Level Annotations

Branches:
Dungeon (3/15)

Altars:
Nemelex Xobeh


Message History

You feel sick.
Casting: Infusion (safe; 7% risk of failure)
Confirm with . or Enter, or press ? or * to list all spells.
You miscast Shroud of Golubria.
You are very lightly contaminated with residual magic.
Nothing appears to happen.
The adder barely misses you.
You feel sick. The adder bites you.
There is an open door here.
You feel sick. The adder barely misses you.
You feel sick.
The orc priest miscasts a cantrip.
The adder closely misses you. The adder bites you.
You are more poisoned.
The adder poisons you!
You feel sick.
You feel sick. The adder bites you but does no damage.
The orc priest calls down the wrath of Beogh upon you.
Beogh smites you!
You die...

####.#
#.######..
#.........
##.######.#
#(........#
#..########
#........#
#........#
.....#@.....#
######......#
#S..รท..#
#......#####
#...o......#
#..........#
#..........#
#......o...#
####'##....#


You could see an orc priest, an adder and an orc.

Vanquished Creatures
  A shadow imp (D:2)
  A worm (D:3)
  4 dart slugs
  3 leopard geckos
  2 giant cockroaches (D:1)
  6 goblins
  8 hobgoblins
  8 jackals
  A kobold (D:1)
  A quokka (D:2)
  5 bats
  7 frilled lizards
  8 rats
55 creatures vanquished.

Notes
Turn   | Place    | Note
-------+----------+-------------------------------------------
     0 | D:1      | C3l3ry the Merfolk Skald began the quest for the Orb.
     0 | D:1      | Reached XP level 1. HP: 16/16 MP: 3/3
   111 | D:1      | Reached XP level 2. HP: 19/23 MP: 0/5
   195 | D:1      | Learned a level 2 spell: Shroud of Golubria
   439 | D:1      | Reached XP level 3. HP: 28/28 MP: 6/6
  1720 | D:2      | Reached XP level 4. HP: 31/34 MP: 7/7
  1797 | D:2      | Found a sparkling altar of Nemelex Xobeh.
  2805 | D:3      | Killed from afar by an orc priest

Illustrated notes

Levels and vault maps discovered:
D:1:      elethiomel_arrival_infinity_welcomes_careful_drivers, layout_rooms,
          minmay_pentomino_u4
D:2:      kennysheep_six_static_rooms, layout_basic,
          nemelex_xobeh_ov_fountains_minmay, minmay_3d_cube
D:3:      layout_basic, corner_web_ring

Skill      XL: |  1  2 |
---------------+-------+-----
Dodging        | 3 |  3.5
Fighting       | |  2.8
Polearms       | |  3.7
Armour         | |  0.6
Spellcasting   | |  2.5
Charms         | |  3.7
Translocations | |  0.7

Action                   |  1- 3 |  4- 6 || total
-------------------------+-------+-------++-------
Melee: Spear             |   170 |    66 ||   236
 Cast: Infusion          |     2 |     1 ||     3
       Shroud of Golubri |     1 |       ||     1
 Stab: Distracted        |     1 |       ||     1
       Sleeping          |       |     1 ||     1
  Eat: Chunk             |     3 |     3 ||     6
Armor: Leather armour    |    47 |    10 ||    57
Dodge: Dodged            |   108 |    34 ||   142
Block: Kite shield       |       |    22 ||    22
